 Dungeon Crawl Stone Soup version 0.18.1-8-gdd0e5ea (webtiles) character file.

2825 Gagarin the Cleaver (level 9, 0/78 HPs)
             Began as a Hill Orc Gladiator on May 31, 2016.
             Was a Believer of Beogh.
             Shot with an arrow by a centaur (13 damage)
             ... on level 7 of the Dungeon.
             The game lasted 00:31:00 (9480 turns).

Gagarin the Cleaver (Hill Orc Gladiator)            Turns: 9480, Time: 00:31:01

Health: 0/78       AC:  5    Str: 20    XL:     9   Next: 73%
Magic:  9/9        EV: 15    Int:  9    God:    Beogh [**....]
Gold:   375        SH:  0    Dex: 14    Spells: 0 memorised, 8 levels left

rFire  . . .     SeeInvis .     a - +0 war axe
rCold  . . .     Gourm    .     b - +0 leather armour
rNeg   . . .     Faith    .     (no shield)
rPois  .         Spirit   .     c - +0 helmet
rElec  .         Dismiss  .     (no cloak)
rCorr  .         Reflect  .     (no gloves)
SustAt .         Harm     .     (no boots)
MR     .....                    j - amulet of rage
Stlth  ++........               t - +3 ring of dexterity
                                (no ring)

@: not resistant to hostile enchantments, unstealthy
A: no striking features
a: Smiting, Renounce Religion, Evoke Berserk Rage


You were on level 7 of the Dungeon.
You worshipped Beogh.
Beogh was pleased with you.
You were not hungry.

You visited 1 branch of the dungeon, and saw 7 of its levels.

You collected 375 gold pieces.

Inventory:

Hand Weapons
 a - a +0 war axe (weapon)
 y - a +1 hand axe of electrocution
 G - a +0 shortbow
Missiles
 x - 6 needles of sleeping
 H - 69 arrows
Armour
 b - a +0 leather armour (worn)
 c - a +0 helmet (worn)
Jewellery
 i - an uncursed ring of ice
 j - an amulet of rage (around neck)
 t - a +3 ring of dexterity (right hand)
 u - an uncursed ring of positive energy {unknown}
 E - an uncursed ring of poison resistance {unknown}
 K - an uncursed amulet of harm {unknown}
Wands
 d - a wand of heal wounds (3/9)
 C - a wand of lightning (2/15)
 I - a wand of polymorph (17/24)
 Q - a wand of iceblast (4/15)
Scrolls
 g - a scroll of random uselessness {unknown}
 l - 2 scrolls of recharging
 m - a scroll of fog {unknown}
 n - 5 scrolls of identify
 p - a scroll of magic mapping {unknown}
 v - a scroll of enchant weapon {unknown}
 A - 4 scrolls of teleportation
 L - a scroll of amnesia
 M - a scroll of remove curse
Potions
 e - 2 potions of cancellation {unknown}
 k - 2 potions of curing
 o - 2 potions of haste {unknown}
 q - 2 potions of lignification {unknown}
 r - 2 potions of mutation {unknown}
 s - 2 potions of berserk rage {unknown}
 z - a potion of cure mutation {unknown}
 B - 3 potions of heal wounds {unknown}
 D - a potion of brilliance {unknown}
 F - 2 potions of flight {unknown}
 J - 2 potions of agility
 O - a potion of might {unknown}
 P - a potion of invisibility {unknown}
Comestibles
 f - 6 bread rations
 h - 2 beef jerkies
 w - a fruit


   Skills:
 + Level 6.9 Fighting
 + Level 9.9 Axes
 + Level 2.4 Throwing
 + Level 4.7 Armour
 + Level 6.7 Dodging
 + Level 2.6 Stealth
 + Level 1.3 Evocations


You had 8 spell levels left.
You didn't know any spells.

Dungeon Overview and Level Annotations

Branches:
Dungeon (7/15)             Temple (0/1) D:7

Altars:
Ashenzari
Cheibriados
Dithmenos
Gozag
Kikubaaqudgha
Qazlal
Trog
Yredelemnul

Annotations:
D:3 deorigin's ghost, amateur DsNe


Message History

The orc is moderately wounded.
The orc hits you from afar with a trident.
The orc closely misses you.
You slash the orc!
You kill the orc!
Beogh accepts your kill.
The orc hits you from afar with a trident.
* * * LOW HITPOINT WARNING * * *
The orc barely misses you.
Items here: )) [ † a flail; a short sword; a chain mail; an orc corpse The orc hits you from afar with a trident!
* * * LOW HITPOINT WARNING * * *
There is an open door here.
Drink which item? (? for menu, Esc to quit)
Okay, then.
Evoke which item? (* to show all) (? for menu, Esc to quit)
Okay, then.
The centaur wields a shortbow.
The centaur shoots an arrow.
The arrow hits you!
You die...

#######
#.....#################
+....................).
#.######.c...########...#####.
#>...))o..o..@..........# #.
#.######.....#######....# ##
#.(...# #....# # #######
#..######## ##.# #....
#.####..⌠( #....#....
##.#.#.### ####.#.#.# #


You could see a centaur and 2 orcs.

Vanquished Creatures
  Grinder (D:3)
  A wyvern (D:7)
  3 sky beasts (D:6)
  2 ice beasts (D:6)
  2 orc warriors
  4 ogres
  2 phantoms
  A centaur (D:5)
  Blork the orc (D:4)
  A giant frog (D:7)
  A scorpion (D:6)
  2 howler monkeys
  3 crimson imps
  A centaur zombie (D:6)
  A giant frog zombie (D:6)
  A centaur skeleton (D:6)
  3 hounds
  2 orc priests
  8 orc wizards
  An iguana (D:5)
  4 worker ants
  A hound skeleton (D:4)
  10 adders
  2 oozes
  6 worms
  3 dart slugs
  5 giant geckos
  37 orcs
  6 bats
  2 giant cockroaches
  19 goblins
  15 hobgoblins
  13 jackals
  4 quokkas
  A giant gecko zombie (D:6)
  2 giant newts (D:4)
  A jackal zombie (D:6)
  10 kobolds
  9 rats
191 creatures vanquished.

Notes
Turn   | Place    | Note
--------------------------------------------------------------
     0 | D:1      | Gagarin the Hill Orc Gladiator began the quest for the Orb.
     0 | D:1      | Reached XP level 1. HP: 18/18 MP: 1/1
   132 | D:1      | Reached XP level 2. HP: 25/25 MP: 2/2
   544 | D:1      | Reached XP level 3. HP: 27/30 MP: 3/3
  1088 | D:2      | Reached XP level 4. HP: 24/37 MP: 4/4
  1339 | D:2      | Reached skill level 1 in Armour
  2212 | D:3      | Reached skill level 5 in Axes
  2212 | D:3      | Reached XP level 5. HP: 41/44 MP: 5/5
  2643 | D:3      | Noticed Grinder
  2651 | D:3      | Paralysed by Grinder for 7 turns
  2664 | D:3      | Paralysed by Grinder for 2 turns
  2692 | D:3      | Killed Grinder
  2692 | D:3      | Reached XP level 6. HP: 20/51 MP: 6/6
  3353 | D:3      | Noticed deorigin's ghost (amateur DsNe)
  4015 | D:4      | Reached skill level 6 in Axes
  4015 | D:4      | Reached skill level 1 in Stealth
  4015 | D:4      | Reached XP level 7. HP: 58/59 MP: 7/7
  4391 | D:4      | Noticed Blork the orc
  4546 | D:4      | Killed Blork the orc
  5112 | D:4      | Reached skill level 7 in Axes
  5192 | D:4      | Reached XP level 8. HP: 24/67 MP: 8/8
  5509 | D:4      | Became a worshipper of Beogh the Brigand
  5610 | D:4      | Reached skill level 5 in Fighting
  5791 | D:5      | Entered Level 5 of the Dungeon
  5960 | D:5      | Reached skill level 5 in Dodging
  6082 | D:5      | Reached skill level 1 in Evocations
  6124 | D:5      | Found a shadowy altar of Dithmenos.
  6124 | D:5      | Found a snail-covered altar of Cheibriados.
  6457 | D:5      | Reached * piety under Beogh
  6457 | D:5      | Reached skill level 8 in Axes
  6502 | D:5      | Found an ancient bone altar of Kikubaaqudgha.
  6502 | D:5      | Found a stormy altar of Qazlal.
  6504 | D:5      | Found a shattered altar of Ashenzari.
  6504 | D:5      | Found a basalt altar of Yredelemnul.
  6505 | D:5      | Found an opulent altar of Gozag.
  6514 | D:5      | Found a bloodstained altar of Trog.
  6960 | D:6      | Reached XP level 9. HP: 67/75 MP: 9/9
  8126 | D:6      | Reached ** piety under Beogh
  8362 | D:6      | Reached skill level 9 in Axes
  9045 | D:7      | Noticed a troll
  9214 | D:7      | Found a staircase to the Ecumenical Temple.
  9480 | D:7      | Shot with an arrow by a centaur

Skill      XL: |  1  2  3  4  5  6  7  8  9 |
---------------+----------------------------+-----
Dodging        | 3 4 5 6 |  6.7
Armour         | 1 2 3 4 |  4.7
Axes           | 5 6 7 8 9 |  9.9
Fighting       | 3 4 6 |  6.9
Throwing       | 2 |  2.4
Stealth        | 1 2 |  2.6
Evocations     | 1 |  1.3

Action                   |  1- 3 |  4- 6 |  7- 9 || total
-------------------------+-------+-------+-------++-------
Melee: War axe           |    76 |   178 |   522 ||   776
Throw: Throwing net      |     1 |     6 |     2 ||     9
Invok: Convert to Beogh  |       |       |     1 ||     1
 Abil: Evoke Berserk Rag |       |       |     1 ||     1
Evoke: Wand              |       |       |     5 ||     5
  Use: Potion            |     2 |     1 |       ||     3
       Scroll            |       |       |     8 ||     8
 Stab: Held in net/web   |     1 |     1 |     2 ||     4
       Sleeping          |       |     1 |     5 ||     6
       Distracted        |       |       |     1 ||     1
  Eat: Chunk             |     1 |     7 |    16 ||    24
       Fruit             |       |     1 |     3 ||     4
       Pizza             |       |       |     1 ||     1
Armor: Leather armour    |    21 |    66 |   114 ||   201
Dodge: Dodged            |    58 |   122 |   344 ||   524
